Map: Triton LE

Players

Maru - Winner!

  • Race: Terran Terran
  • Spawn Location: 5:00

TIME (Oliveira)

  • Race: Terran Terran
  • Spawn Location: 11:00

Event: 2019 WCS Global FInals

VOD

Have the link to the VOD?

Description

Time

  • Played on: Oct. 25, 2019, 3:55 a.m.
  • Length: 16:53

All games in this series

Show
View Real Time Build Order
Export as new Build Order

Maru Terran - Winner!

Build Orders:  

Get SALT Encoding   

  12  0:00  SCV  
  13  0:12  SCV  
  14  0:16  Supply Depot  
  14  0:24  SCV  
  14  0:27  Refinery  
  15  0:38  SCV  
  16  0:43  Barracks  
  16  0:50  SCV  
  16  0:56  Refinery  
  17  1:02  SCV  
  18  1:14  SCV  
  19  1:30  Reaper, Orbital Command  
  20  1:35  Factory  
  20  1:43  Supply Depot  
  20  1:56  SCV  
  21  2:02  Reaper  
  21  2:08  SCV  
  23  2:19  Hellion  
  23  2:20  SCV  
  26  2:24  Command Center  
  26  2:32  SCV  
  26  2:36  Supply Depot  
  27  2:37  Barracks Reactor  
  27  2:40  Factory Tech Lab  
  27  2:44  SCV  
  27  2:48  Starport  
  28  2:56  SCV  
  32  3:08  SCV  
  30  3:16  Command Center  
  30  3:21  SCV  
  30  3:24  Marine x2  
  33  3:31  Raven  
  33  3:32  Factory Tech Lab  
  35  3:35  SCV  
  36  3:41  Orbital Command  
  36  3:44  Marine  
  36  3:46  Marine  
  36  3:48  SCV  
  39  3:55  Siege Tank  
  42  4:00  SCV  
  42  4:02  Refinery  
  43  4:05  Marine x2  
  43  4:07  SCV  
  46  4:14  SCV  
  47  4:19  SCV  
  47  4:24  Starport Reactor  
  48  4:27  Barracks  
  48  4:28  Barracks  
  48  4:29  Orbital Command  
  48  4:33  SCV x2  
  48  4:37  Stimpack  
  49  4:43  Siege Tank  
  49  4:45  SCV x2  
  54  4:55  Engineering Bay x2  
  54  4:56  SCV  
  54  4:58  SCV  
  56  5:04  SCV  
  57  5:07  Supply Depot  
  57  5:08  SCV  
  57  5:10  Starport Reactor  
  58  5:15  SCV  
  58  5:18  Siege Tank  
  58  5:19  Marine x3, Orbital Command  
  58  5:20  Marine x2  
  67  5:21  SCV  
  67  5:25  Terran Infantry Weapons Level 1  
  67  5:28  Terran Infantry Armor Level 1  
  68  5:30  SCV  
  68  5:34  Supply Depot  
  68  5:35  Refinery  
  69  5:36  SCV  
  69  5:42  SCV  
  71  5:44  SCV  
  71  5:46  Medivac x2, Marine  
  77  5:50  Supply Depot  
  77  5:55  Marine x4, SCV  
  82  5:58  SCV x2  
  82  6:02  Supply Depot  
  84  6:10  SCV  
  85  6:11  Siege Tank, SCV x2  
  85  6:14  Marine  
  85  6:16  Combat Shield  
  85  6:17  Medivac  
  93  6:24  Marine, SCV  
  93  6:25  SCV  
  96  6:28  Medivac  
  96  6:31  Marine x2  
  96  6:32  Marine  
  101  6:35  Supply Depot  
  100  6:40  SCV  
  100  6:41  SCV  
  100  6:45  Supply Depot  
  100  6:46  SCV  
  102  6:47  Barracks, Siege Tank  
  102  6:48  Barracks  
  102  6:50  Marine x2  
  102  6:53  SCV x2  
  108  6:58  SCV  
  106  7:03  Marine  
  106  7:04  Marine x2  
  106  7:07  Marine  
  106  7:08  Marine  
  90  7:19  Siege Tank, SCV x2  
  90  7:20  SCV  
  90  7:21  Marine x2  
  90  7:22  Marine  
  99  7:25  Marine x2  
  99  7:29  Armory  
  101  7:31  SCV  
  101  7:35  SCV x2  
  104  7:39  Marine x3  
  104  7:42  Sensor Tower  
  104  7:43  Marine x2, SCV, Refinery x2  
  110  7:45  Barracks Reactor x2  
  110  7:48  Viking x2  
  114  7:57  Marine x3  
  120  7:58  Siege Tank  
  120  8:01  Supply Depot, Marine, SCV x3  
  120  8:02  Supply Depot  
  124  8:06  Supply Depot  
  124  8:07  Supply Depot  
  124  8:13  Supply Depot  
  124  8:17  Terran Infantry Armor Level 2, Terran Infantry Weapons Level 2  
  124  8:22  Viking  
  124  8:24  Viking, Command Center  
  128  8:28  SCV  
  128  8:33  Marine  
  128  8:34  Marine  
  131  8:41  Marine x5  
  132  8:47  Factory  
  132  8:48  Marine  
  137  8:49  Supply Depot  
  137  8:51  Siege Tank, Marine x2  
  142  8:56  Barracks Reactor  
  142  8:57  Viking  
  142  8:58  Viking  
  142  8:59  Marine  
  142  9:02  Terran Vehicle Weapons Level 1  
  147  9:04  Marine x3  
  147  9:05  Marine  
  147  9:06  Marine  
  147  9:08  SCV x3  
  155  9:12  Supply Depot  
  155  9:14  Marine x2  
  155  9:16  Marine  
  158  9:25  Marine  
  158  9:27  Viking x2  
  158  9:28  Sensor Tower, Marine  
  158  9:30  Marine x3  
  162  9:34  Marine  
  162  9:35  Marine x2  
  162  9:36  Starport  
  162  9:37  Starport  
  164  9:38  SCV x2  
  164  9:40  SCV  
  167  9:49  Marine x6  
  167  9:50  SCV  
  174  9:57  Planetary Fortress, Viking x2  
  178  10:06  Marine x4  
  182  10:15  Starport Tech Lab, Starport Reactor  
  182  10:19  Supply Depot, Refinery, Command Center  
  182  10:23  Refinery  
  182  10:34  Supply Depot  
  182  10:35  Terran Infantry Weapons Level 3, Terran Infantry Armor Level 3  
  182  10:42  Fusion Core  
  182  10:45  SCV x3  
  182  10:46  SCV  
  186  10:50  Supply Depot  
  186  10:55  Raven, Viking  
  186  10:56  Viking x2  
  195  10:57  SCV  
  192  11:12  Siege Tank, Marine  
  192  11:17  Supply Depot  
  183  11:25  Liberator x2  
  166  11:34  Marine x3  
  166  11:35  Marine x2  
  166  11:37  Marine x3  
  166  11:38  Supply Depot, Marine  
  166  11:39  Marine  
  167  11:52  Marine x3  
  167  11:53  Marine x2  
  172  11:58  Marine x4, Command Center  
  172  11:59  Siege Tank, Command Center  
  164  12:16  Marine x5  
  164  12:17  Siege Tank  
  169  12:23  Medivac x2  
  169  12:24  Medivac  
  162  12:30  Marine x2  
  162  12:31  Marine, Advanced Ballistics  
  163  12:38  Planetary Fortress, Command Center  
  163  12:42  Marine x5  
  168  12:44  Supply Depot  
  168  12:45  Liberator  
  168  12:47  Siege Tank  
  169  12:55  Marine x3  
  167  13:00  Sensor Tower x2  
  167  13:02  Viking x2  
  167  13:03  Viking  
  176  13:16  SCV  
  176  13:18  Marine x4  
  180  13:23  Liberator  
  180  13:25  Liberator x2  
  176  13:35  Siege Tank x2, Marine  
  172  13:42  Marine x5  
  183  13:52  Marine  
  183  13:54  Marine x2  
  186  13:56  Orbital Command  
  186  13:57  Liberator x2  
  186  13:59  Refinery, Command Center  
  186  14:00  Refinery  
  186  14:08  Marine x2  
  186  14:09  Siege Tank x2  
  185  14:30  Marine  
  176  14:34  Marine x6  
  176  14:36  Viking x2  
  176  14:38  Refinery x2, Orbital Command  
  183  14:41  Siege Tank  
  183  14:42  Marine x2  
  188  14:46  Liberator  
  188  14:55  Marine x4  
  192  15:00  Marine  
  192  15:01  Marine x3  
  192  15:03  Liberator x3  
  192  15:04  Liberator  
  192  15:06  Marine  
  187  15:14  Marine  
  187  15:18  Marine  
  187  15:19  Marine  
  163  15:21  Siege Tank x2  
  163  15:22  Marine x6  
  163  15:24  Marine  
  176  15:28  Liberator  
  176  15:32  Marine  
  177  15:36  Marine  
  177  15:37  Marine  
  177  15:39  Marine  
  177  15:40  Marine x5  
  177  15:42  Marine  
  186  15:46  SCV x5  
  194  15:58  SCV  
  194  15:59  Marine  
  194  16:00  Marine x2  
  194  16:03  Planetary Fortress  
  198  16:04  Marine x2  
  200  16:15  Armory  
  200  16:20  Missile Turret x2  
  200  16:22  Sensor Tower  
  200  16:31  Starport  
  200  16:33  Starport  
Show
View Real Time Build Order
Export as new Build Order

TIME Terran 

Build Orders:  

Get SALT Encoding   

  12  0:00  SCV  
  13  0:12  SCV  
  14  0:17  Supply Depot  
  14  0:25  SCV  
  15  0:39  SCV  
  15  0:40  Barracks  
  16  0:44  Refinery  
  16  0:51  SCV  
  17  0:58  Barracks  
  17  1:03  SCV  
  18  1:15  SCV  
  19  1:28  Reaper, Orbital Command  
  19  1:32  Supply Depot  
  20  1:45  Reaper  
  21  1:53  SCV  
  22  2:04  Reaper  
  23  2:11  Command Center  
  23  2:13  SCV  
  24  2:19  Refinery  
  24  2:23  Bunker, Marine  
  24  2:27  SCV  
  26  2:38  Marine  
  26  2:39  SCV  
  28  2:48  Factory  
  28  2:51  SCV  
  28  2:58  Barracks Reactor  
  29  3:03  SCV  
  30  3:16  SCV  
  31  3:23  Orbital Command  
  31  3:24  Refinery  
  31  3:28  SCV  
  31  3:31  Factory Tech Lab  
  31  3:32  Starport  
  32  3:40  SCV  
  33  3:42  Command Center  
  33  3:49  SCV  
  33  3:52  Cyclone, SCV  
  38  3:55  Marine  
  38  3:58  Marine  
  38  4:01  SCV  
  41  4:04  SCV  
  41  4:07  Supply Depot  
  42  4:10  Starport Tech Lab, Barracks Tech Lab  
  42  4:13  SCV  
  42  4:16  Marine  
  44  4:18  SCV  
  44  4:20  Marine  
  44  4:23  Supply Depot  
  46  4:28  Siege Tank  
  46  4:30  Raven  
  51  4:32  SCV  
  51  4:34  SCV  
  51  4:36  Marine  
  54  4:40  Stimpack  
  54  4:44  Marine x2  
  56  4:47  SCV  
  56  4:48  SCV  
  58  4:53  Marine  
  58  4:54  Orbital Command  
  58  4:58  Barracks  
  59  5:00  SCV  
  59  5:01  SCV  
  59  5:05  Siege Tank  
  64  5:08  Marine  
  64  5:09  Marine  
  64  5:12  SCV  
  64  5:13  SCV  
  68  5:15  Supply Depot  
  68  5:17  Marine  
  68  5:20  Orbital Command  
  69  5:22  Starport Reactor  
  69  5:24  SCV  
  69  5:26  Marine x2, SCV  
  73  5:34  Engineering Bay x2  
  73  5:35  Marine  
  74  5:39  Supply Depot  
  74  5:40  Siege Tank  
  77  5:45  Refinery  
  77  5:47  SCV  
  77  5:49  Barracks Reactor  
  78  5:51  SCV  
  78  5:52  Marine x2  
  78  5:57  Marine  
  81  5:58  Supply Depot  
  81  5:59  Medivac  
  81  6:00  SCV  
  81  6:01  Medivac, SCV  
  88  6:04  Supply Depot  
  88  6:06  Terran Infantry Weapons Level 1  
  88  6:09  SCV  
  89  6:12  Terran Infantry Armor Level 1, SCV  
  89  6:13  Marine, SCV  
  92  6:20  Marine  
  92  6:22  SCV  
  93  6:26  Marine, SCV  
  93  6:28  Siege Tank, Marine  
  93  6:30  Marine  
  93  6:31  Marine  
  101  6:34  Combat Shield  
  101  6:36  SCV x2  
  101  6:37  Marine  
  101  6:39  SCV  
  105  6:44  Supply Depot, Marine  
  105  6:46  Marine  
  107  6:48  SCV x2  
  109  7:01  Medivac x2, Marine, SCV  
  108  7:04  Marine  
  96  7:11  Marine  
  96  7:15  Marine  
  95  7:18  Marine x2  
  95  7:22  Siege Tank, Marine  
  94  7:23  SCV  
  94  7:25  Barracks  
  94  7:26  Barracks  
  94  7:27  SCV  
  94  7:28  Marine  
  94  7:29  SCV  
  98  7:30  Armory, Refinery  
  98  7:31  Refinery  
  98  7:32  Command Center  
  98  7:33  Marine  
  98  7:36  Marine  
  100  7:37  Marine  
  100  7:38  Viking x2  
  100  7:40  SCV  
  100  7:42  Supply Depot  
  100  7:44  SCV  
  104  7:45  Marine  
  104  7:47  SCV  
  104  7:50  Marine  
  107  7:52  SCV  
  107  7:53  Marine  
  107  7:56  Siege Tank  
  112  7:58  Marine  
  112  8:04  Marine  
  112  8:05  SCV x2  
  115  8:07  SCV  
  117  8:14  Supply Depot  
  117  8:16  Barracks Reactor  
  117  8:17  SCV, Barracks Reactor  
  117  8:19  Sensor Tower  
  118  8:20  SCV  
  118  8:21  Marine x2  
  118  8:23  Marine x2  
  118  8:25  Viking, Command Center  
  125  8:36  Viking, SCV x2  
  125  8:38  Marine  
  125  8:40  Marine  
  125  8:41  Marine  
  132  8:42  Terran Infantry Armor Level 2, Terran Infantry Weapons Level 2  
  132  8:44  Siege Tank, Terran Vehicle Weapons Level 1  
  135  8:49  Marine x2  
  135  8:50  SCV  
  135  8:51  Supply Depot  
  135  8:53  Marine x2  
  135  8:55  Marine  
  140  8:56  Marine, Factory  
  140  8:58  SCV  
  140  9:00  Marine  
  140  9:02  Viking, Marine  
  146  9:05  Marine  
  148  9:13  Viking, Marine  
  148  9:15  Supply Depot, Marine  
  148  9:16  Supply Depot  
  152  9:18  Planetary Fortress, SCV  
  152  9:20  SCV  
  152  9:22  Siege Tank  
  157  9:25  Marine x2  
  157  9:29  Marine  
  157  9:30  Marine  
  158  9:31  Marine  
  158  9:32  Marine x2  
  158  9:33  Viking  
  158  9:35  Marine  
  158  9:36  Supply Depot  
  164  9:41  Missile Turret  
  164  9:42  Planetary Fortress  
  164  9:44  Marine x2  
  166  9:46  Missile Turret  
  166  9:51  Marine  
  166  9:52  Marine x2  
  169  9:53  Viking  
  169  9:54  Siege Tank, Factory Tech Lab  
  169  9:58  Marine  
  175  10:01  Marine  
  176  10:07  Marine  
  176  10:09  Marine  
  176  10:11  Marine  
  179  10:14  Marine  
  179  10:16  Siege Tank, Marine  
  179  10:17  Marine  
  185  10:26  Siege Tank, Marine  
  185  10:27  Marine  
  190  10:31  Marine  
  190  10:33  Marine  
  190  10:34  Viking x2  
  192  10:36  Starport  
  192  10:37  Refinery x2, Starport  
  192  10:38  Command Center  
  192  10:40  Marine  
  192  10:41  Marine  
  194  10:44  SCV  
  194  10:45  Marine  
  194  10:47  Terran Vehicle Weapons Level 2  
  194  10:48  Siege Tank  
  199  10:50  Marine  
  200  11:04  Command Center  
  187  11:13  Marine  
  182  11:20  Marine  
  182  11:21  Siege Tank, Marine  
  182  11:22  Marine  
  182  11:23  Marine  
  182  11:24  Marine  
  179  11:29  Marine  
  179  11:31  Siege Tank, Marine  
  174  11:34  Marine x2  
  174  11:38  Marine x2  
  143  11:40  Viking, Marine  
  143  11:41  Starport Tech Lab, Viking  
  143  11:43  Marine  
  143  11:45  Marine, SCV  
  143  11:46  Orbital Command  
  152  11:47  Marine  
  152  11:48  Starport Tech Lab  
  152  11:54  Siege Tank, Marine  
  148  11:58  Marine  
  148  12:01  Marine  
  137  12:09  Raven, Corvid Reactor  
  137  12:14  Missile Turret  
  137  12:15  Raven  
  138  12:17  Marine, SCV  
  138  12:20  Marine x2, SCV x3  
  138  12:22  Marine  
  145  12:25  Marine  
  145  12:29  SCV  
  145  12:31  Terran Infantry Weapons Level 3  
  145  12:32  SCV  
  145  12:36  Marine  
  147  12:42  Marine  
  148  12:46  Orbital Command  
  148  12:53  Raven  
  148  12:55  SCV  
  148  12:57  Marine  
  154  13:03  Supply Depot x2  
  154  13:05  Marine, SCV  
  152  13:08  SCV x2  
  152  13:11  Marine  
  156  13:14  Marine  
  157  13:21  Terran Infantry Armor Level 3  
  157  13:24  Marine  
  157  13:26  SCV x2  
  160  13:28  SCV  
  151  13:34  Marine  
  151  13:36  Marine  
  151  13:40  Marine x2  
  155  13:41  Raven x2  
  155  13:42  Marine  
  155  13:46  SCV  
  155  13:47  Marine  
  160  13:53  Marine  
  160  13:54  SCV  
  150  14:07  Marine x2  
  150  14:08  Marine  
  128  14:10  Siege Tank  
  128  14:11  Marine x2  
  128  14:14  Marine x2  
  128  14:15  SCV  
  133  14:19  Marine  
  133  14:20  Marine  
  132  14:24  Raven  
  132  14:25  Marine x2, SCV  
  132  14:26  Marine, SCV  
  132  14:27  SCV  
  132  14:28  SCV  
  132  14:29  Marine  
  136  14:32  Marine  
  136  14:33  Marine x2  
  136  14:39  Marine  
  136  14:40  Raven, Marine  
  136  14:43  Marine  
  136  14:44  Marine  
  142  14:47  Marine  
  142  14:48  SCV  
  144  14:53  Marine  
  144  14:57  Marine  
  141  15:00  Marine  
  141  15:08  Marine x2  
  132  15:17  Marine  
  132  15:18  Siege Tank, Marine x2  
  132  15:19  Raven  
  132  15:20  Marine x2  
  132  15:21  SCV x2  
  126  15:22  Medivac  
  126  15:23  SCV  
  126  15:24  SCV  
  126  15:26  Marine  
  132  15:34  Refinery  
  132  15:35  Marine, Refinery  
  132  15:36  Refinery  
  132  15:37  Marine  
  132  15:38  Marine  
  132  15:39  Marine  
  132  15:41  Marine  
  136  15:45  Raven  
  138  15:53  Marine  
  138  15:56  Marine  
  139  15:57  Marine  
  139  15:58  Marine  
  139  16:03  Marine x2  
  143  16:07  Marine x2  
  143  16:08  Marine  
  146  16:11  Marine  
  146  16:14  Marine x2  
  146  16:17  Marine  
  152  16:21  Marine  
  152  16:22  Marine  
  152  16:25  Marine x2  
  156  16:26  Marine  
  156  16:29  Marine  
  156  16:32  Marine x2  
Tags
 
Add a new tag
Caveats
  • Supply blocks, unpowered buildings, or Contaminate may cause inaccurate times.
  • Supply counts are checked every 10 seconds.